[Event "Early-Titled-Tuesday-Blitz-October-17-2023"]
[Site "Chess.com"]
[Date "2023.10.17"]
[Round "5"]
[White "Egor_Koshulyan"]
[Black "Alexander_Donchenko"]
[Result "0-1"]
[WhiteElo "2731"]
[BlackElo "2877"]
[TimeControl "180+1"]
[EndTime "8:57:27 PDT"]
[Termination "Alexander_Donchenko won by resignation"]

1. e4 c6 2. d4 d5 3. e5 Bf5 4. Nf3 e6 5. Be2 Ne7 6. O-O h6 7. a4 Nd7 8. a5 a6 9. b4 g5 10. c3 Bg7 11. Nbd2 O-O 12. Nb3 Qc7 13.
Ne1 f6 14. exf6 Nxf6 15. f4 Ne4 16. Bd2 gxf4 17. Bxf4 e5 18. dxe5 Bxe5 19. Bxe5 Qxe5 20. Nd3 Qxc3 21. Rc1 Qg7 22. Ndc5 Kh8 23. Bf3 Rae8 24. Nxb7 Ng6 25. N7c5 Nh4 26. Qd4 Rf6 27. Rce1 Rg8 28. Re2 Kh7 29. Nxe4 Nxf3+ 30. Rxf3 dxe4 31. Rg3 Bg6 32. Nc5 Rf1+ 33. Kxf1 Qxd4 34. Ne6 Qc4 35. Nf4 Rf8 36.
Rg4 Bh5 0-1

[Event "Early-Titled-Tuesday-Blitz-October-17-2023"]
[Site "Chess.com"]
[Date "2023.10.17"]
[Round "5"]
[White "Bilan_Danila"]
[Black "GMaka"]
[Result "0-1"]
[WhiteElo "2580"]
[BlackElo "2477"]
[TimeControl "180+1"]
[EndTime "8:57:27 PDT"]
[Termination "GMaka won by resignation"]

1. d4 d5 2. Nf3 Nf6 3. c4 e6 4.
Nc3 Bb4 5. Qb3 c5 6. e3 O-O 7. a3 Ba5 8. Bd2 cxd4 9. exd4 dxc4 10. Qxc4 Nbd7 11. Bd3 Nb6 12. Qa2 Nbd5 13. O-O Bd7 14. Ne5 Bc6 15. Nxc6 bxc6 16. Rad1 Bb6 17. Bg5 h6 18. Nxd5 Qxd5 19. Qxd5 Nxd5 20. Be3 a5 21. Rc1 Rfc8 22. Be4 Rab8 23. Rc2 f5 24. Bf3 f4 25.
Bxd5 cxd5 26. Rxc8+ Rxc8 27. Bxf4 Bxd4 28. Rc1 Rxc1+ 29.
Bxc1 a4 30. Kf1 e5 31. f3 Kf7 32. Ke2 Ke6 33. Kd3 Kf5 34. Bd2 Bxb2 35. Bb4 e4+ 36. fxe4+ dxe4+ 37. Ke2 Be5 38. Ke3 Bxh2 39. Ke2 Bg1 40. Bd6 g5 41. Bf8 h5 42. Bd6 h4 43.
Kf1 Bd4 44. Ke2 g4 45. Kf1 Be5 46. Bc5 h3 47. gxh3 gxh3 48. Kg1 h2+ 49. Kh1 Kg4 50.
Be3 Kf3 51. Bf4 Kxf4 0-1

[Event "Early-Titled-Tuesday-Blitz-October-17-2023"]
[Site "Chess.com"]
[Date "2023.10.17"]
[Round "5"]
[White "Hambardzumyan_Yuri"]
[Black "GM_Huschenbeth"]
[Result "0-1"]
[WhiteElo "2354"]
[BlackElo "2542"]
[TimeControl "180+1"]
[EndTime "8:57:27 PDT"]
[Termination "GM_Huschenbeth won by resignation"]

1. e4 c5 2. Nf3 d6 3. Bb5+ Nd7 4. a4 Nf6 5. Nc3 a6 6. Be2 g6 7.
a5 Bg7 8. O-O O-O 9. d3 b5 10. axb6 Bb7 11. Qd2 Nxb6 12. Qg5 e5 13. Qh4 Ne8 14. Bg5 f6 15. Bh6 Nc7 16. Bxg7 Kxg7 17.
Nd2 Ne6 18. Bd1 f5 19. Qxd8 Raxd8 20. Na4 Nd7 21. Re1 Nf6 22. f3 h5 23. c3 Nf4 24.
Bc2 h4 25. Nc4 g5 26. exf5 g4 27. Na5 Ba8 28. Nb6 gxf3 29. Nxa8 Rxa8 30. gxf3 Kh6 31.
Kh1 Rg8 32. Rg1 Nh3 33. Rg2 Nh5 34. Rf1 N5f4 35. Rd2 Rg5 36. Nc4 Rag8 37. Rdd1 Rg1+ 0-1

[Event "Early-Titled-Tuesday-Blitz-October-17-2023"]
[Site "Chess.com"]
[Date "2023.10.17"]
[Round "5"]
[White "Msb2"]
[Black "baki83"]
[Result "0-1"]
[WhiteElo "3056"]
[BlackElo "2831"]
[TimeControl "180+1"]
[EndTime "8:57:28 PDT"]
[Termination "baki83 won by checkmate"]

1. d4 d5 2. c4 c6 3. Nf3 Nf6 4. Nc3 e6 5. Qc2 dxc4 6. e4 b5 7. Be2 Be7 8. O-O O-O 9. e5 Nd5 10. Ne4 h6 11. b3 cxb3 12. axb3 a5 13. Bd2 Bb7 14. Qc1 f5 15. exf6 Nxf6 16. Nc5 Bxc5 17. dxc5 Nbd7 18. Nd4 Qe7 19. Bxa5 Nd5 20. Bd2 Rxa1 21.
Qxa1 e5 22. Nf3 Nxc5 23. Qb2 e4 24. Nd4 Nd3 25. Qb1 Nxf2 26. Be1 e3 27. Bf3 c5 28.
Nf5 Qg5 29. Ng3 Rxf3 30. gxf3 Nh3+ 31. Kh1 Ndf4 32. Qa2 e2 33. b4+ c4 34. Rf2 Nxf2+ 35.
Bxf2 Bxf3+ 36. Kg1 Nh3# 0-1

[Event "Early-Titled-Tuesday-Blitz-October-17-2023"]
[Site "Chess.com"]
[Date "2023.10.17"]
[Round "5"]
[White "Let_it_be_1"]
[Black "viktorgen2021"]
[Result "1-0"]
[WhiteElo "2635"]
[BlackElo "2410"]
[TimeControl "180+1"]
[EndTime "8:57:28 PDT"]
[Termination "Let_it_be_1 won by resignation"]

1. e4 g6 2. d4 Bg7 3. Nc3 d6 4. f4 Nf6 5. Nf3 O-O 6. Be3 Na6 7. e5 Ne8 8. Bc4 c5 9. Qe2 cxd4 10. Bxd4 Bg4 11. O-O-O Qa5 12. e6 f5 13. Nd5 Qd8 14. h3 Bxf3 15. Qxf3 Rc8 16. Bxa6 bxa6 17. Qa3 Bxd4 18. Rxd4 Nc7 19. Nxc7 Qxc7 20. c3 Qb7 21. Rd2 Rc4 22. Rf1 Rfc8 23. Qb3 Qe4 24. Qc2 Qxe6 25. Re2 Qf6 26. Rfe1 R8c7 27. Re6 Qh4 28. Qb3 Qxf4+ 29. Kb1 Kf7 30. g4 a5 31. gxf5 gxf5 32. Qb8 Re4 33. R6xe4 fxe4 34. Qxc7 e3 35. Qc6 Qf5+ 36. Ka1 Qf2 37. Qh1 Ke8 38. Qf1 Qg3 39. Qe2 1-0

[Event "Early-Titled-Tuesday-Blitz-October-17-2023"]
[Site "Chess.com"]
[Date "2023.10.17"]
[Round "5"]
[White "DarZay"]
[Black "Levanzovsky"]
[Result "0-1"]
[WhiteElo "2226"]
[BlackElo "2409"]
[TimeControl "180+1"]
[EndTime "8:57:28 PDT"]
[Termination "Levanzovsky won by checkmate"]

1. e4 e5 2. Nf3 Nc6 3. Bc4 Bc5 4. d3 Nf6 5. c3 d6 6. Bb3 a6 7. Nbd2 Ba7 8. Nf1 h6 9. Ng3 g5 10.
h3 g4 11. hxg4 Nxg4 12. d4 Qf6 13. Nh5 Qg6 14. Be3 Nxe3 15. fxe3 Qxg2 16. Nf6+ Kf8 17. Rg1 Qxb2 18. Rc1 exd4 19. exd4 Na5 20. Rc2 Qa3 21. Nd2 Nxb3 22. Nxb3 Be6 23. Rcg2 c6 24. Qd2 Bxb3 25. Rg8+ Ke7 26. axb3 Qxb3 27. Rxa8 Rxa8 28. Qxh6 Qxc3+ 29. Ke2 Bxd4 30. Ng8+ Kd7 31. Rf1 Qc2+ 32. Kf3 Rxg8 33. Qh7 Qg2+ 34. Kf4 Qg4# 0-1

[Event "Early-Titled-Tuesday-Blitz-October-17-2023"]
[Site "Chess.com"]
[Date "2023.10.17"]
[Round "5"]
[White "DenisQ"]
[Black "AradNazari"]
[Result "0-1"]
[WhiteElo "2643"]
[BlackElo "2858"]
[TimeControl "180+1"]
[EndTime "8:57:30 PDT"]
[Termination "AradNazari won by resignation"]

1. Nf3 c5 2. c4 Nc6 3. Nc3 e5 4. g3 g6 5. Bg2 Bg7 6. O-O Nge7 7. Ne1 O-O 8. Nc2 Rb8 9. a3 a5 10. d3 d6 11. Rb1 Be6 12. b4 axb4 13. axb4 b6 14.
Bg5 Qd7 15. Bxe7 Nxe7 16. Ne3 Bh3 17. Bxh3 Qxh3 18. Ned5 Nf5 19. e3 h5 20. Ne4 Rfd8 21. Qe2 Nh6 22. Rb3 b5 23. Ne7+ Kf8 24. Nc6 bxc4 25.
dxc4 cxb4 26. Nxd8 Rxd8 27. Rxb4 Qf5 28. f3 Kg8 29. Rd1 Bf8 30. Rb6 h4 31. Nxd6 Bxd6 32. Rbxd6 Rxd6 33. Rxd6 hxg3 34. hxg3 Qg5 35. g4 Nf5 36.
Rd3 e4 37. fxe4 Nh6 38. Rd5 Qh4 39. Qf3 Nxg4 40. Rd2 Qe1+ 0-1

[Event "Early-Titled-Tuesday-Blitz-October-17-2023"]
[Site "Chess.com"]
[Date "2023.10.17"]
[Round "5"]
[White "SchmakAttack"]
[Black "LeoLV10"]
[Result "1-0"]
[WhiteElo "2734"]
[BlackElo "2586"]
[TimeControl "180+1"]
[EndTime "8:57:31 PDT"]
[Termination "SchmakAttack won by resignation"]

1. d4 Nf6 2. Bg5 d5 3. Nd2 c5 4. e3 Nc6 5. Ngf3 e6 6. c3 Be7 7.
Bd3 h6 8. Bh4 cxd4 9. exd4 O-O 10.
O-O Nd7 11. Bg3 Re8 12. Re1 Bf6 13. a4 e5 14. dxe5 Ndxe5 15. Nxe5 Nxe5 16. Bb5 Bd7 17. Qb3 Bc6 18. Rad1 a6 19. Bxc6 bxc6 20. Qc2 Ng6 21. Nb3 Qb6 22. h3 h5 23. a5 Qa7 24. Bd6 Qd7 25.
Bc5 Nf4 26. Be3 Nxh3+ 27. gxh3 Qxh3 28. Nd4 Re4 29. f3 Rh4 30. Qg2 Qd7 31. Bf2 Rf4 32. Bg3 Bxd4+ 33. cxd4 Rf6 34. Kh2 Rg6 35. Qh3 Qb7 36. Re2 Qb3 37. Rdd2 Qxf3 38. Be5 f6 39.
Qxf3 fxe5 40. dxe5 Rf8 41. Qh3 Rf1 42. Qxf1 1-0

[Event "Early-Titled-Tuesday-Blitz-October-17-2023"]
[Site "Chess.com"]
[Date "2023.10.17"]
[Round "5"]
[White "aghasiyevkamal"]
[Black "Grossboss19"]
[Result "0-1"]
[WhiteElo "2597"]
[BlackElo "2489"]
[TimeControl "180+1"]
[EndTime "8:57:31 PDT"]
[Termination "Grossboss19 won by resignation"]

1. e4 c5 2. Nf3 Nc6 3. Bb5 d6 4. O-O Bd7 5. c3 Nf6 6. Re1 g6 7. d4 cxd4 8. cxd4 a6 9. Bf1 Bg4 10. d5 Ne5 11. Be2 Bxf3 12. gxf3 Ned7 13. Be3 Bg7 14.
Qb3 b6 15. Nc3 O-O 16. Rac1 Nc5 17. Qd1 Nh5 18. b4 Nd7 19. f4 Nhf6 20. Qd3 Qb8 21. a4 Kh8 22. Bd4 e5 23. fxe5 Nxe5 24. Qh3 Ng8 25.
Red1 g5 26. Qf5 Qd8 27. Bh5 Nh6 28. Qh3 f5 29. Kh1 g4 30. Qe3 f4 31. Qe2 Qh4 0-1

[Event "Early-Titled-Tuesday-Blitz-October-17-2023"]
[Site "Chess.com"]
[Date "2023.10.17"]
[Round "5"]
[White "knightinshiningarmour16"]
[Black "Maect19"]
[Result "0-1"]
[WhiteElo "2134"]
[BlackElo "2232"]
[TimeControl "180+1"]
[EndTime "8:57:31 PDT"]
[Termination "Maect19 won by resignation"]

1. e4 e5 2. Nf3 Nc6 3. Bc4 Nf6 4. d3 Be7 5. O-O O-O 6. c3 d6 7. h3 h6 8. Nbd2 Nh7 9. Re1 Ng5 10. a4 Kh8 11.
Nf1 f5 12. N1h2 fxe4 13. dxe4 Ne6 14. Be3 Nf4 15. Ng4 Qe8 16. b4 Qg6 17. b5 Nxh3+ 18. gxh3 Bxg4 19. hxg4 Qxg4+ 20. Kf1 Qh3+ 21. Kg1 Rxf3 22.
bxc6 Rf6 23. f3 Rg6+ 24. Bg5 Rxg5+ 25. Kf2 Rg2+ 26. Ke3 Bg5+ 27. Kd3 Rd2+ 28. Qxd2 Bxd2 29.
Kxd2 bxc6 30. Be2 Qh4 31. Rg1 Qf4+ 32. Kd3 Rb8 33. Rg4 Qf7 34. Rag1 d5 35. Rxg7 Qxg7 36. Rxg7 Kxg7 37. Kc2 h5 38. f4 exf4 39. Bxh5 dxe4 0-1

[Event "Early-Titled-Tuesday-Blitz-October-17-2023"]
[Site "Chess.com"]
[Date "2023.10.17"]
[Round "5"]
[White "Mr_Lion22"]
[Black "invisible_s0ul"]
[Result "0-1"]
[WhiteElo "2482"]
[BlackElo "2288"]
[TimeControl "180+1"]
[EndTime "8:57:31 PDT"]
[Termination "invisible_s0ul won by resignation"]

1. d4 d5 2. c4 e6 3. Nc3 c6 4. e4 dxe4 5. Nxe4 Nd7 6. Nf3 Ngf6 7. Bd3 Nxe4 8. Bxe4 Nf6 9. Bd3 Bd6 10. O-O Qc7 11. g3 O-O 12. c5 Be7 13. Bf4 Qd8 14. b4 Nd5 15. Bd2 Bf6 16. a4 Qc7 17. b5 e5 18. Qc2 exd4 19. Bxh7+ Kh8 20. Bd3 Bg4 21. Ng5 Bxg5 22. Bxg5 Nb4 23. Qc4 Nxd3 24. Qxd3 Qe5 25. h4 Qxc5 26. Rac1 Qd5 27. bxc6 bxc6 28. Rfe1 Rfe8 29.
Be7 Bh3 30. f3 Bf5 31. Qa3 d3 32. Kf2 d2 33. Rcd1 dxe1=Q+ 34. Rxe1 Qd4+ 35. Re3 Rab8 36. g4 Be6 37. Bc5 Qb2+ 38. Kg3 Qxa3 39. Bxa3 Rb3 40. Bd6 Rxe3 0-1

[Event "Early-Titled-Tuesday-Blitz-October-17-2023"]
[Site "Chess.com"]
[Date "2023.10.17"]
[Round "5"]
[White "krzyzan94"]
[Black "Doomfist26"]
[Result "1-0"]
[WhiteElo "2802"]
[BlackElo "2628"]
[TimeControl "180+1"]
[EndTime "8:57:32 PDT"]
[Termination "krzyzan94 won on time"]

1. e4 e6 2. d4 d5 3. Nc3 Nf6 4. e5 Nfd7 5. Nce2 c5 6. c3 Nc6 7.
Nf3 Be7 8. g3 O-O 9. Bg2 f6 10.
exf6 Nxf6 11. O-O b6 12. Nf4 Ne4 13. Be3 Bd6 14. Nd3 Ba6 15. Re1 Rc8 16. a4 Qf6 17.
Nf4 cxd4 18. Nxd4 Nxd4 19. Bxd4 Qf7 20. f3 e5 21. fxe4 exf4 22. e5 Be7 23. Qf3 fxg3 24.
Qxf7+ Kxf7 25. hxg3 Ke8 26. a5 Bc4 27. axb6 axb6 28.
Bxb6 Rb8 29. Bd4 Rxb2 30. e6 Rb8 31. Reb1 Rc8 32. Rb7 Bd6 33. Rxg7 Bb5 34. Rxh7 1-0

[Event "Early-Titled-Tuesday-Blitz-October-17-2023"]
[Site "Chess.com"]
[Date "2023.10.17"]
[Round "5"]
[White "Ermito2020"]
[Black "Treasurechess777"]
[Result "1-0"]
[WhiteElo "2600"]
[BlackElo "2453"]
[TimeControl "180+1"]
[EndTime "8:57:32 PDT"]
[Termination "Ermito2020 won on time"]

1. e4 Nf6 2. e5 Nd5 3. d4 Nb6 4. Nf3 d5 5. Be2 Bg4 6. O-O e6 7. a4 Bxf3 8. Bxf3 a5 9. Be2 c5 10. c3 c4 11. b3 Qc7 12. Ba3 Bxa3 13. Nxa3 O-O 14. Rb1 Na6 15. bxc4 dxc4 16. Rb5 Rab8 17. Qc2 f6 18. Rfb1 Nd5 19. Bxc4 fxe5 20. Bxd5 exd5 21.
Rxd5 exd4 22. Rxd4 Kh8 23. Nb5 Qf7 24. Nd6 Qf6 25.
f3 Nc5 26. Re1 Ne6 27. Rd5 Nf4 28. Rdd1 Rbd8 29. Ne4 Qg6 30. Kh1 h5 31. c4 h4 32.
h3 Rde8 33. Qf2 Qh6 34. Rd6 g6 35. Qb2+ Re5 36. Qxe5+ 1-0

[Event "Early-Titled-Tuesday-Blitz-October-17-2023"]
[Site "Chess.com"]
[Date "2023.10.17"]
[Round "5"]
[White "Cambek64"]
[Black "Maxfan2008"]
[Result "1-0"]
[WhiteElo "2420"]
[BlackElo "2524"]
[TimeControl "180+1"]
[EndTime "8:57:32 PDT"]
[Termination "Cambek64 won on time"]

1. b3 e5 2. Bb2 Nc6 3. e3 Nf6 4.
Bb5 Bd6 5. Ne2 O-O 6. Ng3 Re8 7.
Be2 Bf8 8. O-O d5 9. d3 a5 10. a4 h6 11. Nd2 d4 12. e4 Be6 13.
Nc4 Qd7 14. Bc1 g6 15. f4 exf4 16. Bxf4 Nh7 17. Qc1 h5 18. h3 Bg7 19. Bh6 Bh8 20. Qf4 Bxc4 21. bxc4 Ne5 22. Nxh5 gxh5 23. Bxh5 Ng6 24.
Qg3 Ra6 25. Rf5 Be5 26. Qf2 Rf6 27. Rf1 Ree6 28. g4 Kh8 29. g5 Nf4 30. Bg4 Rxf5 31. exf5 Rb6 32. Qf3 Qe7 33. f6 Qd6 34. Re1 Ng6 35.
Qe4 Rb2 36. Bf5 Bxf6 37. gxf6 1-0

[Event "Early-Titled-Tuesday-Blitz-October-17-2023"]
[Site "Chess.com"]
[Date "2023.10.17"]
[Round "5"]
[White "N4700000"]
[Black "atbenina64"]
[Result "1-0"]
[WhiteElo "2501"]
[BlackElo "2709"]
[TimeControl "180+1"]
[EndTime "8:57:35 PDT"]
[Termination "N4700000 won on time"]

1. e4 c5 2. Nf3 Nc6 3. Bb5 e6 4. O-O Nge7 5. Re1 b6 6. c3 a6 7. Bxc6 Nxc6 8. d4 d5 9. exd5 Qxd5 10. Nbd2 Be7 11. dxc5 bxc5 12. Qe2 O-O 13. Nc4 Qf5 14. Nb6 Rb8 15. Nxc8 Rfxc8 16. Qxa6 Qc2 17. Qe2 Qa4 18. Nd2 Na5 19. Ne4 Rb7 20. Bf4 c4 21. Nd6 Bxd6 22.
Bxd6 Qb5 23. Ba3 Nc6 24. Rad1 Nb8 25. Rd6 Nd7 26. Red1 h6 27. h3 Qa4 28. Qe4 Rbc7 29. Qd4 Nf6 30. Rd8+ Rxd8 31. Qxd8+ Kh7 32. Qxc7 Qxd1+ 33.
Kh2 Qe2 34. Qf4 1-0

[Event "Early-Titled-Tuesday-Blitz-October-17-2023"]
[Site "Chess.com"]
[Date "2023.10.17"]
[Round "5"]
[White "LangesNasenhaar"]
[Black "Djager97"]
[Result "1-0"]
[WhiteElo "2506"]
[BlackElo "2607"]
[TimeControl "180+1"]
[EndTime "8:57:35 PDT"]
[Termination "LangesNasenhaar won on time"]

1. d4 d5 2. Nc3 Nf6 3. Bf4 a6 4. e3 e6 5. g4 c5 6. g5 Nfd7 7. h4 Nc6 8. Nf3 b5 9. Ne2 Bb7 10. c3 Be7 11. Bg2 O-O 12. h5 f6 13. Bh3 e5 14. Be6+ Kh8 15. Bg3 exd4 16. cxd4 fxg5 17.
Nh2 cxd4 18. Nxd4 Nxd4 19. Qxd4 Bf6 20. Qg4 Nc5 21. Bf5 Qa5+ 22. Kf1 d4 23. Nf3 dxe3 24.
fxe3 Rae8 25. Re1 Qxa2 26. Re2 Qa4 27. Kg2 Qxg4 28. Bxg4 Ne4 29. h6 g6 30. Be1 1-0

[Event "Early-Titled-Tuesday-Blitz-October-17-2023"]
[Site "Chess.com"]
[Date "2023.10.17"]
[Round "5"]
[White "RETURNOFTHELAGGER"]
[Black "VincentKeymer"]
[Result "0-1"]
[WhiteElo "2677"]
[BlackElo "3081"]
[TimeControl "180+1"]
[EndTime "8:57:36 PDT"]
[Termination "VincentKeymer won on time"]

1. e4 c6 2. Nc3 d5 3. Nf3 dxe4 4. Nxe4 Nf6 5. Qe2 Nxe4 6. Qxe4 Nd7 7. Bc4 Nf6 8. Ne5 e6 9. Qe2 b5 10. Bd3 Qc7 11.
a4 Bd6 12. Nxc6 b4 13. Nd4 a6 14. Nf5 Bb7 15. Nxd6+ Qxd6 16. f3 Nd5 17. g3 h5 18.
b3 h4 19. Bb2 hxg3 20. O-O-O Nf4 21. Qe3 Nxd3+ 22. cxd3 Rc8+ 23. Kb1 Rxh2 24. Ka2 Rc2 25. Rc1 Rxh1 26. Rxh1 f6 27. Rh7 Kf8 28. Qa7 Kg8 29. Rh1 g2 30. Rg1 Bxf3 31. Qe3 Bd5 32. Ka1 Qh2 0-1

[Event "Early-Titled-Tuesday-Blitz-October-17-2023"]
[Site "Chess.com"]
[Date "2023.10.17"]
[Round "5"]
[White "Keeper0416"]
[Black "stasOR4ik"]
[Result "1-0"]
[WhiteElo "2599"]
[BlackElo "2451"]
[TimeControl "180+1"]
[EndTime "8:57:36 PDT"]
[Termination "Keeper0416 won by checkmate"]

1. a4 d5 2. d4 Nf6 3. Nf3 c5 4. c3 Nc6 5. Bf4 cxd4 6. Nxd4 g6 7.
Nb5 e5 8. Bg5 Bg7 9. Bxf6 Bxf6 10. Qxd5 O-O 11. Qxd8 Rxd8 12. e4 Na5 13. Nc7 Bg4 14. f3 Rac8 15. Nd5 Bh4+ 16. Ke2 Be6 17. g3 Bg5 18. h4 Bxd5 19. exd5 Bc1 20. Bh3 Bxb2 21. Ra2 Rxc3 22. Rxb2 Rc4 23. Nd2 Rxa4 24. Ne4 f5 25. Nc5 Rd4 26. Ne6 Nc4 27. Ra2 R8xd5 28. Nxd4 exd4 29. Rd1 a6 30. f4 b5 31. Rxa6 Nb2 32. Rd3 Nxd3 33. Kxd3 b4 34. Rb6 Rc5 35. Kxd4 Rc3 36. Ke5 Rxg3 37. Kf6 h6 38. Bf1 Rf3 39. Bc4+ Kh8 40. Kxg6 Rxf4 41. Rb8# 1-0

[Event "Early-Titled-Tuesday-Blitz-October-17-2023"]
[Site "Chess.com"]
[Date "2023.10.17"]
[Round "5"]
[White "rikchessmx"]
[Black "WindWhistler11"]
[Result "0-1"]
[WhiteElo "2262"]
[BlackElo "2462"]
[TimeControl "180+1"]
[EndTime "8:57:36 PDT"]
[Termination "WindWhistler11 won by checkmate"]

1. e4 e6 2. d4 d5 3. Nc3 Bb4 4. e5 Ne7 5. a3 Ba5 6. b4 Bb6 7. Nf3 Nf5 8. Ne2 Nc6 9. c3 f6 10. g4 Nfe7 11. exf6 gxf6 12. Ng3 Ng6 13. Bg2 e5 14. g5 e4 15. Nh4 Nxh4 16. Qh5+ Ng6 17.
gxf6 Qxf6 18. Bg5 Qf7 19. Bh6 Nce7 20. a4 c6 21. O-O Bc7 22. f3 e3 23. Bxe3 Bf4 24.
Bxf4 Nxf4 25. Qe5 O-O 26. Rae1 Neg6 27. Qg5 Bh3 28. Nh5 Bxg2 29. Nxf4 Qxf4 30. Qxg2 Kh8 31. Qg3 Qf7 32. Kh1 Nf4 33. Qh4 Rg8 34. Rg1 Ng6 35.
Qh3 Raf8 36. Rg3 Nf4 37. Qh4 Nd3 38. Re7 Qf5 39. Rxg8+ Rxg8 40. Rxb7 Nf2+ 41. Qxf2 Qb1+ 42. Qf1 Qxf1# 0-1

[Event "Early-Titled-Tuesday-Blitz-October-17-2023"]
[Site "Chess.com"]
[Date "2023.10.17"]
[Round "5"]
[White "Mikhail_Golubev"]
[Black "Juicy_Fork"]
[Result "1-0"]
[WhiteElo "2575"]
[BlackElo "2421"]
[TimeControl "180+1"]
[EndTime "8:57:37 PDT"]
[Termination "Mikhail_Golubev won on time"]

1. e4 e5 2. Nf3 Nc6 3. Bc4 Nf6 4.
Ng5 d5 5. exd5 Na5 6. Bb5+ c6 7. dxc6 bxc6 8. Bd3 Ng4 9. Nh3 f5 10. Be2 Bc5 11.
c3 Bb6 12. a4 Nb7 13. d4 exd4 14. Bg5 Qd5 15. O-O O-O 16. cxd4 h6 17. Nc3 Qxd4 18. Qb3+ Kh8 19. Rad1 Qc5 20. Nf4 Kh7 21. Nd3 Qd6 22.
Bf4 Qg6 23. Bxg4 Qxg4 24. g3 Nd8 25. Ne5 Qh5 26. a5 Bxa5 27. Qa3 Bxc3 28. Qxf8 Bxb2 29. Rxd8 Bxe5 30. Bxe5 1-0

[Event "Early-Titled-Tuesday-Blitz-October-17-2023"]
[Site "Chess.com"]
[Date "2023.10.17"]
[Round "5"]
[White "salomez"]
[Black "Smiechu"]
[Result "1-0"]
[WhiteElo "2339"]
[BlackElo "2490"]
[TimeControl "180+1"]
[EndTime "8:57:37 PDT"]
[Termination "salomez won by checkmate"]

1. e4 c5 2. Nf3 g6 3. Bc4 Bg7 4. c3 Nf6 5. e5 Ng4 6. Bxf7+ Kxf7 7. Ng5+ Kg8 8. Qxg4 h6 9. Nf3 Kh7 10. h4 d6 11. e6 Qg8 12. Ng5+ hxg5 13. hxg5+ Bh6 14. Rxh6+ Kg7 15. Qh4 Bxe6 16. d4 Nd7 17. Be3 b6 18.
Nd2 Rc8 19. O-O-O Bxa2 20. Rh1 Be6 21. Qe4 Rxh6 22. Rxh6 Kf7 23. g4 d5 24. Qh1 Nf8 25.
Rh8 Qg7 26. Nf3 cxd4 27. Bxd4 Qxh8 28. Qxh8 Bxg4 29. Ne5+ Ke8 30. Nxg4 Kd7 31. Qg7 b5 32. Ne5+ Ke6 33. Nxg6 Nxg6 34. Qxg6+ Kd7 35. Qf5+ Kc7 36. Qxd5 Rd8 37. Be5+ Kc8 38. Qc6# 1-0

[Event "Early-Titled-Tuesday-Blitz-October-17-2023"]
[Site "Chess.com"]
[Date "2023.10.17"]
[Round "5"]
[White "AsaHoffmann"]
[Black "NM_Antelacus"]
[Result "1-0"]
[WhiteElo "2352"]
[BlackElo "2091"]
[TimeControl "180+1"]
[EndTime "8:57:37 PDT"]
[Termination "AsaHoffmann won on time"]

1. d4 Nf6 2. Bg5 Ne4 3. Bf4 d5 4. f3 Nf6 5. e4 dxe4 6. Nc3 e3 7. Bc4 e6 8. Qd3 Be7 9. Nge2 O-O 10. Bxe3 b6 11.
O-O-O Bb7 12. Ne4 Nbd7 13. Bb3 Qc8 14. h4 c5 15. h5 Ba6 16. c4 cxd4 17. Bxd4 Nxe4 18.
Qxe4 Bxc4 19. Bc2 f5 20. Qe3 Bxa2 21. Nc3 Bc4 22. h6 g6 23. Bd3 Bf6 24. Rhe1 b5 25.
Kb1 b4 26. Nb5 Qc6 27. Bxc4 Qxc4 28. Qxe6+ Qxe6 29. Rxe6 Bxd4 30. Rxd4 Nf6 31. Rxb4 Rae8 32. Nc7 Rxe6 33. Nxe6 Re8 34. Nd4 Rd8 35. Nc6 Rd2 36.
Rb7 Rxg2 37. Rg7+ Kf8 38. Ne5 Nd5 39. Rxh7 Ne3 40. Rxa7 g5 41. h7 Rh2 42. Ng6+ Ke8 43. h8=Q+ Rxh8 44. Nxh8 1-0

[Event "Early-Titled-Tuesday-Blitz-October-17-2023"]
[Site "Chess.com"]
[Date "2023.10.17"]
[Round "5"]
[White "midedu"]
[Black "Felix-Rose"]
[Result "0-1"]
[WhiteElo "1998"]
[BlackElo "2324"]
[TimeControl "180+1"]
[EndTime "8:57:37 PDT"]
[Termination "Felix-Rose won on time"]

1. e4 c5 2. Nc3 Nc6 3. g3 g6 4. Bg2 Bg7 5. Nge2 e6 6. O-O Nge7 7. d3 O-O 8. Be3 b6 9. d4 cxd4 10. Nxd4 Bb7 11. Ndb5 d5 12. exd5 exd5 13. Bf4 d4 14. Ne2 d3 15. Nec3 dxc2 16. Qxc2 Nb4 17. Qe2 Bxg2 18.
Kxg2 Ned5 19. Bc1 Nd3 20. Kg1 Nxc1 21. Raxc1 Nxc3 22. Nxc3 Re8 23. Qa6 Qd2 24. Qa3 Bd4 25. Qb3 Bxf2+ 26. Rxf2 Qxc1+ 27. Kg2 Re7 28. Nd5 Qc6 29.
Kh3 Qe6+ 30. g4 Rb7 31. Nf6+ Kg7 32. Qc3 Rc8 33. Nh5+ Kh6 34. Qg7+ Kg5 0-1

[Event "Early-Titled-Tuesday-Blitz-October-17-2023"]
[Site "Chess.com"]
[Date "2023.10.17"]
[Round "5"]
[White "Rital44"]
[Black "Ramosha"]
[Result "0-1"]
[WhiteElo "2490"]
[BlackElo "2623"]
[TimeControl "180+1"]
[EndTime "8:57:38 PDT"]
[Termination "Ramosha won by checkmate"]

1. d4 Nf6 2. c4 g6 3. Nf3 Bg7 4.
Nc3 O-O 5. e4 d6 6. Be2 e6 7.
O-O c5 8. Be3 cxd4 9. Nxd4 Bd7 10.
f3 a6 11. Kh1 Nc6 12. Qd2 Qe7 13. Rfd1 Rfd8 14. Rac1 Rac8 15. b3 Qf8 16. Qe1 Ne7 17. Nc2 Bc6 18. Qf2 d5 19. cxd5 exd5 20. e5 Nd7 21. f4 Nf5 22. Nd4 Nxe3 23. Qxe3 Nc5 24. Bf3 Ne6 25. f5 Bh6 26. Qf2 Nxd4 27. Qxd4 Bxc1 28.
Rxc1 Bd7 29. f6 Be6 30. Rf1 Qc5 31. Qf4 Kh8 32. Ne2 d4 33. Qh6 Rg8 34. Nf4 Qxe5 35. Bxb7 Rb8 36. Bxa6 Qxf6 37. Nd5 Qg7 38. Qg5 h6 39.
Qf6 Bxd5 40. Qd6 Rgd8 41. Qc5 d3 42. Bxd3 Bxg2+ 43. Kxg2 Rxd3 44. Qc7 Rf8 45. Qc4 Rd2+ 46. Kh1 Rxa2 47. b4 Qb2 48. Qg4 Qxh2# 0-1

[Event "Early-Titled-Tuesday-Blitz-October-17-2023"]
[Site "Chess.com"]
[Date "2023.10.17"]
[Round "5"]
[White "whitemirrorninja"]
[Black "Chessbard1972"]
[Result "1-0"]
[WhiteElo "2512"]
[BlackElo "2361"]
[TimeControl "180+1"]
[EndTime "8:57:40 PDT"]
[Termination "whitemirrorninja won by resignation"]

1. e4 e5 2. Nf3 Nc6 3. Nc3 Nf6 4. Be2 d5 5. exd5 Nxd5 6. O-O Bc5 7. Bb5 f6 8. d4 Nxc3 9. bxc3 Bb6 10. d5 a6 11. Ba4 O-O 12. dxc6 Qe7 13. Bb3+ Kh8 14. a4 Bc5 15. Qd5 bxc6 16. Qxc6 Bd7 17. Qe4 Bd6 18. Qh4 Qe8 19. Bd5 Rb8 20. Re1 Qg6 21.
Be4 f5 22. Bd5 Rbe8 23. Qg5 e4 24. Qxg6 hxg6 25. Ng5 Re7 26. f4 exf3 27. Rxe7 Bxe7 28. Nxf3 Bf6 29. Be3 Bxc3 30. Ra3 Bb4 31. Rb3 a5 32. Nh4 Kh7 33. Bf4 Bxa4 34. Rh3 Bc5+ 35. Kf1 Bb5+ 36.
c4 g5 37. Bxg5 Bd7 38. Bf4 c6 39. Nf3+ Kg6 40. Ne5+ Kf6 41. Nxd7+ Ke7 42. Nxf8 Kxf8 43. Bxc6 a4 44. Bxa4 Bd4 1-0

[Event "Early-Titled-Tuesday-Blitz-October-17-2023"]
[Site "Chess.com"]
[Date "2023.10.17"]
[Round "5"]
[White "KVAIDAN"]
[Black "vishwa_vijeta"]
[Result "0-1"]
[WhiteElo "2279"]
[BlackElo "2530"]
[TimeControl "180+1"]
[EndTime "8:57:42 PDT"]
[Termination "vishwa_vijeta won by checkmate"]

1. f4 g6 2. Nf3 Bg7 3. d3 d6 4. e4 e5 5. Be2 Nc6 6. O-O Nge7 7. Nc3 O-O 8. Qe1 f5 9. Qh4 Nd4 10. Bd1 Nec6 11. Qxd8 Rxd8 12. Nd5 Nxf3+ 13. Bxf3 Rd7 14. exf5 gxf5 15. fxe5 dxe5 16. Bg5 Nd4 17. Nf6+ Bxf6 18. Bxf6 Nxc2 19. Rac1 Nb4 20. d4 e4 21. Bh5 Nd3 22. Rc2 f4 23. Re2 Rd5 24. g4 e3 25. g5 h6 26. h4 hxg5 27. hxg5 Bf5 28. Bf3 c6 29.
Rh2 Kf7 30. Bxd5+ cxd5 31. Rc2 Be4 32. Rc7+ Kg6 33. Rxb7 Rc8 34. Rb3 Rc2 35. Rxd3 Rg2+ 36. Kh1 Rf2+ 37. Kg1 Rxf1+ 38. Kxf1 Bxd3+ 39. Ke1 f3 40. Kd1 f2 41. b4 f1=Q# 0-1